Match 23200325
Unlisted

Match 23200325
End
Construct Infanterie Kompanie
Selects Luftwaffe Battlegroup
Grenadier Squad
GrW 34 Mortar Team
Grenadier Squad
Grenadier Squad
Selects Reconnaissance Run
Construct Luftwaffe Kompanie
Support Elements
Selects Fallschirmjäger Squad Paradrop
Fallschirmjäger Squad Paradrop
Wirbelwind Flakpanzer
Reconnaissance Run
Fallschirmjäger Squad Paradrop
Selects Stuka Loiter
Medical Station
Selects Luftwaffe Pioneer Support
Reconnaissance Run
Fallschirmjäger Squad Paradrop
Construct Panzer Kompanie
Selects LG40 Recoilless Gun Paradrop
Reconnaissance Run
Fallschirmpioneer Squad Paradrop
Piranha_BA
Mustache and Melons
Sauzer88
SteveO
0
0

Comments sign in to comment!

No comments posted yet!